 Dungeon Crawl Stone Soup version 0.21.0 (webtiles) character file.

34091 ranglespleeg the Martial Artist (level 13, -9/86 HPs)
             Began as an Octopode Transmuter on Jan 13, 2018.
             Was a High Priest of Makhleb.
             Mangled by a seven-headed hydra (12 damage)
             ... on level 6 of the Lair of Beasts on Jan 14, 2018.
             The game lasted 01:34:11 (16558 turns).

ranglespleeg the Martial Artist (OpTm)             Turns: 16558, Time: 01:34:13

Health: -9/86      AC: 12    Str: 13    XL:     13   Next: 75%
Magic:  27/30      EV: 17    Int: 23    God:    Makhleb [*****.]
Gold:   863        SH:  0    Dex: 13    Spells: 0/23 levels left

rFire    . . .     SeeInvis +     - Unarmed
rCold    + + +     Gourm    .   (shield currently unavailable)
rNeg     + + .     Faith    .   (helmet currently unavailable)
rPois    +         Spirit   .   m - amulet of regeneration
rElec    .         Reflect  .   g - +5 ring of protection
rCorr    .         Harm     .   y - ring of protection from magic
MR       +....                  D - ring of protection from fire
Stlth    +.........             U - ring of Ydan {rC++ MP+9}
HPRegen  0.64/turn              p - ring of Music {Wiz rN++ Str-2 Int+4}
MPRegen  0.22/turn              T - +2 ring of strength
                                V - +3 ring of intelligence
                                W - ring "Poogreat" {rPois rC+ SInv}

@: ice-form
A: large, almost no armour, stealthy swim, amphibious, 8 rings, (constrict 8)
a: End Transformation, Minor Destruction, Lesser Servant of Makhleb, Major
Destruction, Greater Servant of Makhleb, Renounce Religion


You were on level 6 of the Lair of Beasts.
You worshipped Makhleb.
Makhleb was extremely pleased with you.
You were not hungry.
You were a creature of crystalline ice.
You visited 3 branches of the dungeon, and saw 18 of its levels.
You also visited: Ossuary and Ice Cave.

You collected 1715 gold pieces.
You spent 852 gold pieces at shops.

Inventory:

Hand Weapons
 b - the +9 falchion "Octopus's Death" {pain, MR+ Str+2}
   (You found it on level 4 of the Dungeon)

   In the hands of one skilled in necromantic magic, it inflicts extra damage on
   living creatures.
   It affects your strength (+2).
   It affects your resistance to hostile enchantments.
Missiles
 a - 232 arrows
Jewellery
 g - a +5 ring of protection (left front paw)
 m - an amulet of regeneration (around neck)
 p - the ring of Music (on tentacle) {Wiz rN++ Str-2 Int+4}
   (You found it on level 1 of the Lair of Beasts)

   [ring of wizardry]

   It improves your spell success rate.
   It affects your strength (-2).
   It affects your intelligence (+4).
   It greatly protects you from negative energy.
 u - an uncursed ring of ice
 y - a ring of protection from magic (right front paw)
 A - a +1 ring of evasion
 D - a ring of protection from fire (on tentacle)
 G - an uncursed ring of flight
 I - an uncursed amulet of harm
 Q - a +3 ring of evasion
 S - an uncursed ring of wizardry
 T - a +2 ring of strength (on tentacle)
 U - the ring of Ydan (on tentacle) {rC++ MP+9}
   (You found it on level 5 of the Lair of Beasts)

   [ring of magical power]

   It greatly protects you from cold.
   It affects your magic capacity (+9).
 V - a +3 ring of intelligence (on tentacle)
 W - the ring "Poogreat" (on tentacle) {rPois rC+ SInv}
   (You bought it in a shop on level 5 of the Dungeon)

   [ring of see invisible]

   It protects you from cold.
   It protects you from poison.
   It lets you see invisible.
Wands
 B - a wand of flame (47)
 H - a wand of polymorph (16)
 X - a wand of enslavement (18)
 Y - a wand of acid (6)
Scrolls
 f - 10 scrolls of remove curse
 h - 5 scrolls of enchant armour
 i - 2 scrolls of fog
 k - 4 scrolls of fear
 l - a scroll of blinking
 q - 3 scrolls of enchant weapon
 r - 9 scrolls of identify
 s - 7 scrolls of teleportation
 z - 4 scrolls of immolation
 J - 2 scrolls of magic mapping
Potions
 j - 2 potions of cancellation
 n - 2 potions of berserk rage
 t - 4 potions of haste
 w - 3 potions of flight
 F - a potion of mutation
 K - 5 potions of curing
 L - 4 potions of might
 M - 5 potions of brilliance
 N - 4 potions of agility
 R - 3 potions of lignification
Books
 v - Vehumet's Almanac of Conjuration
   (You found it on level 3 of the Lair of Beasts)

   Spells                             Type                      Level
   a - Flame Tongue                   Conjuration/Fire             1
   b - Throw Frost                    Conjuration/Ice              2
   c - Throw Icicle                   Conjuration/Ice              4
   d - Bolt of Cold                   Conjuration/Ice              6
   e - Orb of Destruction             Conjuration                  7
 x - a book of Maledictions

   Spells                             Type                      Level
   a - Corona                         Hexes                        1
   b - Ensorcelled Hibernation        Hexes/Ice                    2
   c - Confuse                        Hexes                        3
   d - Tukima's Dance                 Hexes                        3
   e - Dazzling Spray                 Conjuration/Hexes            3
 C - a book of Changes

   Spells                             Type                      Level
   a - Beastly Appendage              Transmutation                1
   b - Sticks to Snakes               Transmutation                2
   c - Spider Form                    Transmutation/Poison         3
   d - Ice Form                       Ice/Transmutation            4
   e - Blade Hands                    Transmutation                5
 O - a book of Alchemy

   Spells                             Type                      Level
   a - Sublimation of Blood           Necromancy                   2
   b - Ignite Poison                  Fire/Transmutation/Poison    3
   c - Petrify                        Transmutation/Earth          4
   d - Alistair's Intoxication        Transmutation/Poison         5
   e - Irradiate                      Conjuration/Transmutation    5
 P - a book of Cantrips

   Spells                             Type                      Level
   a - Confusing Touch                Hexes                        1
   b - Animate Skeleton               Necromancy                   1
   c - Summon Small Mammal            Summoning                    1
   d - Apportation                    Translocation                1
Miscellaneous
 o - a lightning rod (4/4)
 Z - a crystal ball of energy
Comestibles
 c - 29 rations


   Skills:
 - Level 1.0 Fighting
 + Level 12.8 Dodging
 + Level 13.0 Unarmed Combat
 + Level 5.7 Spellcasting
 - Level 2.6 Hexes
 - Level 7.5 Transmutations
 - Level 4.3 Ice Magic
 - Level 2.8 Poison Magic
 - Level 10.1 Invocations


You couldn't memorise any spells.
You knew the following spells:

 Your Spells              Type           Power        Failure   Level  Hunger
a - Beastly Appendage     Tmut           #####.       1%          1    None
b - Sticks to Snakes      Tmut           #####...     1%          2    None
c - Spider Form           Tmut/Pois      ####......   1%          3    #......
d - Ice Form              Ice/Tmut       ####....     3%          4    ###....
e - Blade Hands           Tmut           #####.....   4%          5    #####..
f - Confuse               Hex            ###.....     3%          3    #......
g - Alistair's Intoxicat  Tmut/Pois      ####....     12%         5    #####..


Dungeon Overview and Level Annotations

Branches:
Dungeon (11/15)            Temple (1/1) D:4            Lair (6/6) D:9
 Shoals (0/4) Lair:2       Spider (0/4) Lair:3
  Slime: Lair:5-6       Orc: D:9-12

Altars:
Dithmenos
Fedhas
Hepliaklqana
Makhleb
Nemelex Xobeh
Okawaru
Qazlal
Ru
Uskayaw
Vehumet
Wu Jian
Zin
The Shining One

Shops:
D:5 =   D:10 !


Innate Abilities, Weirdness & Mutations

You cannot wear most types of armour.
You are very stealthy in the water. (Stealth+)
You are amphibious.
You can wear up to eight rings at the same time.
((You can use your tentacles to constrict eight enemies at once.))
((Your skin changes colour to match your surroundings (Stealth+).))
((Your rubbery body absorbs attacks. (AC +1, EV +1)))


Message History

The seven-headed hydra bites you! The seven-headed hydra misses you.
The seven-headed hydra bites you!
* * * LOW HITPOINT WARNING * * *
The seven-headed hydra misses you.
There is a stone staircase leading up here.
You feel much better. The komodo dragon closely misses you.
The seven-headed hydra bites you but does no damage.
The seven-headed hydra bites you!
The seven-headed hydra barely misses you.
The seven-headed hydra misses you. The seven-headed hydra bites you!
The seven-headed hydra barely misses you.
The seven-headed hydra bites you!
* * * LOW HITPOINT WARNING * * *
The seven-headed hydra bites you but does no damage.
The seven-headed hydra bites you!
* * * LOW HITPOINT WARNING * * *
The seven-headed hydra bites you.
* * * LOW HITPOINT WARNING * * *
The seven-headed hydra bites you!
You die...

#...#.# #..#†##
##....# #..P###
#...#.###
##....#..###
##.#P....Y#.#
........Dl..##
...........Y...#
#...).........##
...##........##
.. #P.....P.P#
######.#.##
#####


You could see a seven-headed hydra, a komodo dragon and a yak.

Vanquished Creatures
  The ghost of enarc13 the Thaumaturge, a journeyman OpEE of Kikubaaqudgha (Lair:6)
  An ice dragon (IceCv)
  Erolcha (D:10)
  3 hydras
  3 two-headed ogres
  Urug (Lair:5)
  Pikel (D:5)
  2 ice statues (IceCv)
  3 black mambas
  Psyche (D:8)
  6 spiny frogs
  6 komodo dragons
  5 rime drakes
  6 jumping spiders (Lair:3)
  3 trolls
  19 blink frogs
  A hippogriff (Lair:4)
  3 redbacks (Lair:3)
  Sigmund (D:6)
  A wyvern (D:10)
  29 yaks
  A basilisk (Lair:5)
  Edmund (D:6)
  5 water moccasins
  8 porcupines
  3 sky beasts
  4 orc warriors
  16 ice beasts
  7 ogres
  A phantom (D:8)
  6 centaurs
  8 crocodiles
  18 bullfrogs
  4 scorpions
  8 wights
  2 electric eels (Lair:5)
  6 crimson imps
  A centaur zombie (Ossuary)
  7 orc priests
  2 hounds
  4 jellies (D:8)
  9 orc wizards
  2 bullfrog skeletons
  A centaur skeleton (D:5)
  Ijyb (D:4)
  2 iguanas
  6 worker ants
  5 hell rats (Lair:5)
  4 ogre zombies (Ossuary)
  8 mummies
  A worker ant zombie (D:10)
  Robin (D:4)
  3 gnolls (D:6)
  12 adders
  A shadow imp (D:8)
  5 oozes (D:8)
  2 adder skeletons
  5 adder zombies
  4 worms
  A dart slug (D:1)
  4 leopard geckos
  59 orcs
  A ball python (D:3)
  5 giant cockroaches
  13 goblins
  7 hobgoblins
  5 jackals
  5 quokkas
  A ball python skeleton (D:4)
  7 bats
  4 frilled lizards
  2 gnoll zombies (Ossuary)
  5 goblin zombies (Ossuary)
  4 hobgoblin zombies (Ossuary)
  8 kobolds
  2 kobold zombies (Ossuary)
  A leopard gecko skeleton (D:7)
  A quokka skeleton (D:4)
  3 quokka zombies (Ossuary)
  8 rats
  6 rat zombies (Ossuary)
433 creatures vanquished.

Vanquished Creatures (collateral kills)
  An ice dragon (IceCv)
  An obsidian statue (Lair:1)
2 creatures vanquished.

Vanquished Creatures (others)
  Blork the orc (D:5)
  A frilled lizard (D:5)
  13 fungi
  5 plants
20 creatures vanquished.

Grand Total: 455 creatures vanquished

Notes
Turn   | Place    | Note
-------+----------+-------------------------------------------
     0 | D:1      | ranglespleeg the Octopode Transmuter began the quest for the Orb.
     0 | D:1      | Reached XP level 1. HP: 13/13 MP: 3/3
   105 | D:1      | Reached XP level 2. HP: 16/18 MP: 3/5
   395 | D:1      | Reached XP level 3. HP: 20/23 MP: 4/6
   403 | D:1      | Learned a level 2 spell: Sticks to Snakes
   407 | D:1      | Learned a level 3 spell: Spider Form
  1472 | D:2      | Found a burning altar of Makhleb.
  1479 | D:2      | Reached XP level 4. HP: 27/28 MP: 5/7
  1501 | D:2      | Became a worshipper of Makhleb the Destroyer
  1661 | D:2      | Reached skill level 4 in Unarmed Combat
  1661 | D:2      | Reached XP level 5. HP: 32/33 MP: 8/8
  1906 | D:3      | Noticed an ice beast
  1917 | D:3      | Killed an ice beast
  1917 | D:3      | Reached skill level 1 in Poison Magic
  1917 | D:3      | Reached XP level 6. HP: 38/38 MP: 6/9
  2257 | D:3      | Found a hide-covered altar of Uskayaw.
  2262 | D:3      | Reached * piety under Makhleb
  2266 | D:3      | Found a shadowy altar of Dithmenos.
  2310 | D:3      | Found a sparkling altar of Nemelex Xobeh.
  2310 | D:3      | Found an ornate altar of the Wu Jian Council.
  2311 | D:3      | Found a sacrificial altar of Ru.
  2494 | D:4      | Noticed Ijyb
  2661 | D:4      | Noticed Robin
  2701 | D:4      | Killed Robin
  2854 | D:4      | Reached skill level 5 in Unarmed Combat
  3036 | D:4      | Reached XP level 7. HP: 43/43 MP: 10/10
  3050 | D:4      | Killed Ijyb
  3145 | D:4      | Learned a level 4 spell: Ice Form
  3186 | D:4      | Got a transparent falchion
  3187 | D:4      | Identified the +9 falchion "Octopus's Death" {pain, MR+ Str+2} (You found it on level 4 of the Dungeon)
  3235 | D:4      | Found an iron altar of Okawaru.
  3259 | D:4      | Found a staircase to the Ecumenical Temple.
  3265 | Temple   | Entered the Ecumenical Temple
  3630 | D:5      | Entered Level 5 of the Dungeon
  3630 | D:5      | Found a blossoming altar of Fedhas.
  3632 | D:5      | Noticed Blork the orc
  3657 | D:5      | Found Beiroc's Jewellery Shop.
  3673 | D:5      | Reached skill level 1 in Ice Magic
  3707 | D:5      | Found a radiant altar of Vehumet.
  3711 | D:5      | Noticed Pikel
  3829 | D:5      | Killed Pikel
  3829 | D:5      | Reached skill level 5 in Dodging
  3829 | D:5      | Reached skill level 6 in Unarmed Combat
  3829 | D:5      | Reached skill level 5 in Transmutations
  3829 | D:5      | Reached XP level 8. HP: 48/48 MP: 8/11
  3915 | D:5      | Killed Blork the orc
  3978 | D:5      | Reached ** piety under Makhleb
  4056 | D:5      | You fall through a shaft!
  4063 | D:6      | Found a sand-covered staircase.
  4077 | Ossuary  | Entered an ossuary
  4342 | Ossuary  | Reached *** piety under Makhleb
  4529 | D:6      | Reached XP level 9. HP: 53/53 MP: 8/12
  4602 | D:6      | Noticed Sigmund
  4883 | D:6      | Reached skill level 7 in Unarmed Combat
  5099 | D:6      | Noticed Edmund
  5115 | D:6      | Killed Edmund
  5161 | D:6      | Killed Sigmund
  5300 | D:5      | Bought an uncursed ring of wizardry for 300 gold pieces
  5362 | D:7      | Noticed a troll
  5370 | D:7      | Killed a troll
  5483 | D:7      | Reached **** piety under Makhleb
  5609 | D:7      | Learned a level 5 spell: Blade Hands
  5866 | D:7      | Reached XP level 10. HP: 58/58 MP: 11/15
  5926 | D:7      | Reached skill level 1 in Invocations
  6259 | D:8      | Found a stormy altar of Qazlal.
  6266 | D:8      | Reached skill level 8 in Unarmed Combat
  6573 | D:8      | Noticed Psyche
  6725 | D:8      | Reached ***** piety under Makhleb
  6861 | D:8      | Noticed a five-headed hydra
  6861 | D:8      | Noticed a two-headed ogre
  7012 | D:8      | Killed Psyche
  7172 | D:9      | Found a staircase to the Lair.
  7398 | D:9      | Reached skill level 9 in Unarmed Combat
  7409 | D:9      | Reached skill level 5 in Invocations
  7509 | D:9      | Found a glowing silver altar of Zin.
  7759 | D:9      | Noticed a two-headed ogre
  7932 | D:10     | Entered Level 10 of the Dungeon
  7932 | D:10     | Noticed a two-headed ogre
  8040 | D:10     | Reached XP level 11. HP: 42/63 MP: 13/16
  8178 | D:10     | Killed a two-headed ogre
  8229 | D:10     | Found a sacrificial altar of Ru.
  8486 | D:10     | Found Mesi's Distillery.
  8515 | D:10     | Found the +2 ratskin cloak {+Rats rPois rN+ Str-1 Int-1 Dex+1}
  8949 | D:10     | Noticed Erolcha
  8957 | D:10     | Killed Erolcha
  9175 | D:5      | Bought the ring "Poogreat" {rPois rC+ SInv} for 332 gold pieces
  9571 | D:10     | Bought a potion of lignification for 33 gold pieces
 10039 | D:11     | Noticed a two-headed ogre
 10055 | D:11     | Killed a two-headed ogre
 10055 | D:11     | Reached skill level 10 in Unarmed Combat
 10113 | D:11     | Noticed a two-headed ogre
 10142 | D:11     | Killed a two-headed ogre
 10142 | D:11     | Reached skill level 10 in Dodging
 10293 | D:11     | Found a frozen archway.
 10297 | IceCv    | Entered an ice cave
 10589 | IceCv    | Reached XP level 12. HP: 68/68 MP: 14/18
 10612 | IceCv    | Noticed an ice dragon
 10638 | IceCv    | Killed an ice dragon
 10639 | IceCv    | Noticed an ice dragon
 10680 | IceCv    | Killed an ice dragon
 11022 | Lair:1   | Entered Level 1 of the Lair of Beasts
 11040 | Lair:1   | Reached skill level 11 in Unarmed Combat
 11473 | Lair:1   | Noticed a five-headed hydra
 11478 | Lair:1   | Killed a five-headed hydra
 11854 | Lair:1   | Found the +8 glaive of the Guard {elec, +Rage AC+5 SInv}
 12033 | Lair:1   | Got a slimy iron ring
 12042 | Lair:1   | Identified the ring of Music {Wiz rN++ Str-2 Int+4} (You found it on level 1 of the Lair of Beasts)
 12378 | Lair:2   | Found a staircase to the Shoals.
 13189 | Lair:3   | Reached skill level 10 in Invocations
 13427 | Lair:3   | Learned a level 3 spell: Confuse
 13581 | D:10     | Bought a potion of curing for 33 gold pieces
 13581 | D:10     | Bought a potion of heal wounds for 55 gold pieces
 13581 | D:10     | Bought a potion of curing for 33 gold pieces
 13581 | D:10     | Bought 2 potions of curing for 66 gold pieces
 13776 | Lair:3   | Reached skill level 1 in Hexes
 13820 | Lair:3   | Noticed a five-headed hydra
 13829 | Lair:3   | Killed a five-headed hydra
 13829 | Lair:3   | Reached skill level 12 in Unarmed Combat
 13829 | Lair:3   | Reached XP level 13. HP: 59/72 MP: 16/20
 14025 | Lair:3   | Identified Vehumet's Almanac of Conjuration
 14077 | Lair:3   | Identified a scroll of acquirement
 14192 | Lair:3   | Found a hole to the Spider Nest.
 15403 | Lair:5   | Noticed Urug
 15415 | Lair:5   | Killed Urug
 15588 | Lair:5   | Got a smoking lapis lazuli ring
 15594 | Lair:5   | Reached skill level 5 in Spellcasting
 15602 | Lair:5   | Identified the ring of Ydan {rC++ MP+9} (You found it on level 5 of the Lair of Beasts)
 16396 | Lair:6   | Entered Level 6 of the Lair of Beasts
 16396 | Lair:6   | Noticed enarc13's ghost (journeyman OpEE)
 16404 | Lair:6   | Killed enarc13's ghost
 16431 | Lair:6   | Learned a level 5 spell: Alistair's Intoxication
 16457 | Lair:6   | Reached skill level 13 in Unarmed Combat
 16558 | Lair:6   | HP: 3/86 [seven-headed hydra (5)]
 16558 | Lair:6   | Mangled by a seven-headed hydra

Skill      XL: |  1  2  3  4  5  6  7  8  9 10 11 12 13 |
---------------+----------------------------------------+-----
Dodging        | 3 4 5 6 7 9 10 11 12 | 12.8
Transmutations | 3 5 6 7 |  7.5
Unarmed Combat | 4 5 6 7 9 10 12 13 | 13.0
Poison Magic   | 1 2 |  2.8
Ice Magic      | 3 4 |  4.3
Spellcasting   | 3 5 |  5.7
Invocations    | 5 8 10 | 10.1
Hexes          | 1 2 |  2.6
Fighting       | |  1.0

Action                   |  1- 3 |  4- 6 |  7- 9 | 10-12 | 13-15 || total
-------------------------+-------+-------+-------+-------+-------++-------
Melee: Unarmed           |    84 |   141 |   342 |   598 |   239 ||  1404
       Constrict         |    22 |    18 |    47 |    38 |    15 ||   140
       Kick              |    16 |    19 |    20 |    36 |     2 ||    93
       Tentacles         |     8 |    14 |    31 |    47 |    26 ||   126
       Punch             |     1 |     2 |    12 |    19 |     8 ||    42
       Falchion          |       |       |    14 |       |       ||    14
 Cast: Beastly Appendage |    21 |    19 |    13 |    21 |     2 ||    76
       Spider Form       |       |     7 |    14 |    11 |       ||    32
       Blade Hands       |       |       |     1 |    10 |     6 ||    17
       Ice Form          |       |       |     1 |    28 |    13 ||    42
Invok: Minor Destruction |       |       |       |    11 |       ||    11
       Major Destruction |       |       |       |     5 |       ||     5
       Lesser Servant of |       |       |       |     3 |       ||     3
       Greater Servant o |       |       |       |     1 |       ||     1
 Abil: End Transformatio |       |     1 |     1 |     8 |       ||    10
  Use: Scroll            |     2 |     1 |     3 |    18 |     7 ||    31
       Potion            |       |     1 |     1 |     8 |     1 ||    11
 Stab: Sleeping          |     8 |     3 |    11 |     2 |       ||    24
  Eat: Chunk             |     2 |     6 |    12 |    27 |    10 ||    57
       Ration            |       |       |       |     3 |     1 ||     4
Armor: Skin              |    16 |    26 |    50 |   100 |    32 ||   224
Dodge: Dodged            |    56 |   150 |   380 |   465 |   187 ||  1238
       Rpst.: Falchion   |       |       |     4 |       |       ||     4
